 Dungeon Crawl Stone Soup version 0.22.1-2-g9c5b331 (webtiles) character file.

142 WarriorsX the Chopper (level 5, 0/41 HPs)
             Began as a Human Berserker on Dec 15, 2018.
             Was a Believer of Trog.
             Slain by a hungry ghost (2 damage)
             ... on level 3 of the Dungeon.
             The game lasted 00:05:48 (2599 turns).

WarriorsX the Chopper (Human Berserker)             Turns: 2599, Time: 00:05:48

Health: 0/41       AC:  3    Str: 18    XL:     5   Next: 50%
Magic:  5/5        EV: 13    Int:  7    God:    Trog [**....]
Gold:   141        SH:  0    Dex: 13    Spells: 4/4 levels left

rFire    . . .     SeeInvis .   j - +0 halberd
rCold    . . .     Gourm    .   (shield currently unavailable)
rNeg     . . .     Faith    .   b - +0 animal skin
rPois    .         Spirit   .   (no helmet)
rElec    .         Reflect  .   (no cloak)
rCorr    .         Harm     .   e - +0 pair of gloves
MR       +....                  (no boots)
Stlth    +.........             (no amulet)
HPRegen  0.13/turn              h - ring of protection from magic
MPRegen  0.09/turn              (no ring)

@: fainting
A: no striking features
a: Berserk, Trog's Hand, Renounce Religion


You were on level 3 of the Dungeon.
You worshipped Trog.
Trog was pleased with you.
You were fainting.

You visited 1 branch of the dungeon, and saw 3 of its levels.

You collected 141 gold pieces.

Inventory:

Hand Weapons
 a - a +0 hand axe
 j - a +0 halberd (weapon)
Armour
 b - a +0 animal skin (worn)
 e - a +0 pair of gloves (worn)
Jewellery
 h - a ring of protection from magic (left hand)
Scrolls
 d - a scroll of teleportation {unknown}
 g - a scroll of enchant armour {unknown}
 i - a scroll of noise {unknown}
 l - a scroll of identify {unknown}
 m - a scroll of remove curse {unknown}
Potions
 f - a potion of magic {unknown}
Comestibles
 c - 4 rations


   Skills:
 + Level 3.6 Fighting
 + Level 4.1 Axes
 * Level 2.8 Armour
 * Level 3.2 Dodging


You had 4 spell levels left.
You didn't know any spells.
Your spell library was empty.

Dungeon Overview and Level Annotations

Branches:
Dungeon (3/15)

Altars:
Kikubaaqudgha
Qazlal
Trog
The Shining One


Message History

You lose consciousness!
The hungry ghost hits you.
You feel slightly more hungry. The hungry ghost hits you.
You feel slightly more hungry. The hungry ghost hits you.
* * * LOW HITPOINT WARNING * * *
You feel slightly more hungry. The hungry ghost hits you.
* * * LOW HITPOINT WARNING * * *
You feel slightly more hungry. The hungry ghost hits you.
* * * LOW HITPOINT WARNING * * *
You feel slightly more hungry. The hungry ghost hits you.
* * * LOW HITPOINT WARNING * * *
You feel slightly more hungry.
You can move again.
You closely miss the hungry ghost.
The hungry ghost is almost destroyed.
The hungry ghost hits you.
You die...

##### ##...##
##.###.##############
#.## ##.##.......##..
#.# #.......##.##.#
#.## #.#......#.##.#
##.###.##.......>....
##.[.# #..#...#.##.#
##@## #..##.##.##.#
#W# #........##.. #.#
############# ...
#.......# #.#
#.......# ..#
#.......##### /##
#............ .
#........####
#........#


You could see a hungry ghost.

Vanquished Creatures
  An orc wizard (D:3)
  An orc priest (D:3)
  3 adders
  2 worms
  3 dart slugs
  4 leopard geckos
  3 orcs (D:3)
  3 hobgoblins
  4 jackals (D:1)
  4 kobolds
  5 bats
  A frilled lizard (D:3)
  4 goblins
  3 rats
41 creatures vanquished.

Notes
Turn   | Place    | Note
-------+----------+-------------------------------------------
     0 | D:1      | WarriorsX the Human Berserker began the quest for the Orb.
     0 | D:1      | Reached XP level 1. HP: 18/18 MP: 1/1
   230 | D:1      | Reached XP level 2. HP: 13/24 MP: 2/2
   572 | D:1      | Found a glowing golden altar of the Shining One.
   606 | D:1      | Reached XP level 3. HP: 22/29 MP: 3/3
   932 | D:2      | Found an ancient bone altar of Kikubaaqudgha.
   936 | D:2      | Found a stormy altar of Qazlal.
  1133 | D:2      | HP: 1/29 [poisoned by an adder]
  1453 | D:2      | Reached XP level 4. HP: 30/35 MP: 4/4
  1802 | D:2      | Found a bloodstained altar of Trog.
  1945 | D:3      | Reached ** piety under Trog
  2261 | D:3      | Reached skill level 4 in Axes
  2261 | D:3      | Reached XP level 5. HP: 41/41 MP: 5/5
  2549 | D:3      | Noticed a hungry ghost
  2593 | D:3      | Paralysed by fainting for 6 turns
  2598 | D:3      | HP: 2/41 [hungry ghost (2)]
  2599 | D:3      | Slain by a hungry ghost

Skill      XL: |  1  2  3  4 |
---------------+-------------+-----
Axes           | 4 |  4.1
Dodging        | 3 |  3.2
Fighting       | |  3.6
Armour         | |  2.8

Action                   |  1- 3 |  4- 6 || total
-------------------------+-------+-------++-------
Melee: Hand axe          |    91 |    44 ||   135
       Halberd           |       |    63 ||    63
Invok: Berserk           |     2 |     1 ||     3
  Use: Potion            |     2 |       ||     2
 Stab: Sleeping          |       |     1 ||     1
  Eat: Chunk             |     3 |     5 ||     8
       Ration            |       |     1 ||     1
Armor: Animal skin       |    13 |    22 ||    35
Dodge: Dodged            |    54 |    69 ||   123
